AoeStats
← [UZN] Yen Lo

African Clearing

510804921Analyzed
4v4 RM · 17h ago on Oct 2, 2026· 57m 16s· 8 players
Game mode
Random Map
Map size
Large (8 player)
Population
200
Speed
Normal
Resources
Standard
Victory
Conquest
Starting age
Dark Age
Ending age
Imperial Age
RankedLock teamsTeams togetherTeam positionsShared explorationLock speedFull tech treeHidden civsTurbo modeCheats
Victory
Defeat
🇹🇭 Huns · Thailand
1260
+16
🇧🇷 Saracens · Brazil
1226
+17
🇹🇷 Dravidians · Türkiye
1221
+18
🇨🇳 Japanese · China
1211
+18
🇹🇼 Mongols · Taiwan
1351
-20
🇹🇼 Mapuche · Taiwan
1314
-20
🇹🇼 Persians · Taiwan
1268
-18
🇹🇼 Franks · Taiwan
1092
-11
ConcernedApe
10:46 Loom
10:54 Loom
13:16 Feudal Age
13:31 Loom
13:47 Double-Bit Axe
18:36 Castle Age
23:55 Fletching
25:31 Bodkin Arrow
27:36 Padded Archer Armor
29:16 Thumb Ring
30:21 Leather Archer Armor
31:48 Ballistics
33:22 Fishing Lines
37:51 Husbandry
38:05 Gillnets
40:20 Town Watch
42:32 Horse Collar
44:10 Wheelbarrow
49:25 Imperial Age
47:13 Hand Cart
46:59 Town Patrol
47:01 Gold Mining
48:58 Heavy Plow
49:16 Bow Saw
49:29 Siege Elephant
50:38 Medical Corps
51:33 Conscription
51:27 Bracer
51:57 Ring Archer Armor
51:14 Elite Elephant Archer
klausera_br
6:47 Loom
14:59 Feudal Age
19:51 Castle Age
22:09 Pikeman
27:28 Crossbowman
28:46 Fletching
30:50 Ballistics
30:28 Bodkin Arrow
32:20 Double-Bit Axe
35:46 Thumb Ring
35:48 Padded Archer Armor
37:27 Stone Mining
39:58 Wheelbarrow
40:36 Town Watch
43:42 Hand Cart
46:10 Gold Mining
51:17 Imperial Age
49:31 Gold Shaft Mining
49:39 Squires
51:20 Arbalester
53:22 Chemistry
55:29 Conscription
56:22 Hoardings
wuming
2:50 Loom
13:32 Feudal Age
14:35 Double-Bit Axe
17:34 Castle Age
15:21 Fishing Lines
19:45 Wheelbarrow
19:29 Bow Saw
19:44 Town Watch
20:31 Fletching
21:39 Hand Cart
25:18 Bodkin Arrow
27:24 Padded Archer Armor
28:09 Ballistics
28:36 Leather Archer Armor
30:14 Bloodlines
32:00 Husbandry
37:35 Imperial Age
36:01 Thumb Ring
36:53 Treadmill Crane
37:09 Murder Holes
37:24 Masonry
38:19 Bracer
39:23 Chemistry
37:47 Heavy Cavalry Archer
39:43 Parthian Tactics
40:19 Ring Archer Armor
41:27 Coinage
43:28 Two-Man Saw
44:11 Banking
51:11 Pikeman
51:52 Squires
kirtokhan123
15:04 Feudal Age
16:25 Loom
19:55 Castle Age
19:42 Double-Bit Axe
22:06 Horse Collar
30:58 Bow Saw
32:02 Heavy Plow
33:33 Wheelbarrow
32:45 Town Watch
37:01 Hand Cart
40:48 Fishing Lines
43:56 Imperial Age
45:29 Scale Barding Armor
45:35 Forging
45:38 Bloodlines
45:28 Husbandry
46:38 Two-Man Saw
45:31 Gold Mining
45:31 Stone Mining
45:56 Gillnets
46:36 Chain Barding Armor
46:35 Marauders
46:56 Conscription
46:59 Atheism
46:00 Elite Tarkan
47:39 Gold Shaft Mining
48:21 Chemistry
47:41 Ballistics
47:32 Masonry
47:52 Town Patrol
48:34 Iron Casting
48:36 Plate Barding Armor
48:45 Murder Holes
48:55 Devotion
50:29 Blast Furnace
51:13 Fletching
51:11 Arson
51:27 Squires
[UZN] Yen Lo
4:29 Loom
12:49 Feudal Age
17:58 Bloodlines
18:50 Scale Barding Armor
18:56 Forging
21:45 Horse Collar
28:25 Castle Age
29:43 Chain Barding Armor
29:41 Double-Bit Axe
33:47 Iron Casting
34:55 Husbandry
42:27 Gold Mining
48:24 Imperial Age
46:40 Wheelbarrow
47:07 Bow Saw
49:17 Plate Barding Armor
48:05 Cavalier
49:47 Blast Furnace
50:44 Savar
[UZN]1111111
7:03 Loom
14:55 Feudal Age
20:29 Castle Age
18:46 Fletching
19:55 Double-Bit Axe
20:37 Padded Archer Armor
21:48 Bodkin Arrow
37:32 Wheelbarrow
42:03 Bow Saw
43:02 Malon
45:40 Hand Cart
45:41 Gold Mining
49:26 Horse Collar
51:43 Heavy Plow
53:54 Gold Shaft Mining
cookiesbear
8:27 Loom
15:49 Feudal Age
23:09 Castle Age
28:01 Stone Mining
33:21 Double-Bit Axe
35:05 Wheelbarrow
39:12 Scale Barding Armor
39:40 Bow Saw
43:32 Imperial Age
41:34 Hand Cart
41:27 Husbandry
42:14 Gold Mining
41:54 Light Cavalry
43:41 Cavalier
44:48 Chain Barding Armor
44:40 Forging
46:00 Gold Shaft Mining
45:35 Town Watch
45:31 Paladin
50:15 Plate Barding Armor
50:16 Iron Casting
[UZN]Listenphone
4:30 Loom
11:20 Feudal Age
11:50 Double-Bit Axe
21:00 Castle Age
19:50 Fletching
22:40 Bow Saw
22:34 Husbandry
22:32 Bodkin Arrow
25:51 Husbandry
26:02 Bloodlines
25:54 Gold Mining
30:23 Padded Archer Armor
33:42 Wheelbarrow
41:16 Hand Cart
42:00 Ballistics
41:58 Stone Mining
42:46 Horse Collar
51:29 Imperial Age
50:36 Nomads
51:19 Gold Shaft Mining
53:38 Elite Mangudai
55:16 Conscription
55:30 Bracer
Connection lost

Rejoining the realm…

Still unreachable

The connection could not be restored.

Session expired

The server has moved on; the page needs a fresh start.